 Dungeon Crawl Stone Soup version 0.31-a0-161-gb58dd9be76 (webtiles) character file.

Game seed: 12776631699030545494

65 Demosthentine the Poker (level 3, 0/28 HPs)
             Began as a Demonspawn Gladiator on June 13, 2023.
             Slain by a hobgoblin (2 damage)
             ... led by Robin
             ... on level 2 of the Dungeon.
             The game lasted 00:01:24 (1712 turns).

Demosthentine the Poker (Demonspawn Gladiator)      Turns: 1712, Time: 00:01:25

Health: 0/28       AC:  4    Str: 16    XL:     3   Next: 92%
Magic:  3/3        EV: 12    Int:  9    God:
Gold:   79         SH:  4    Dex: 14    Spells: 2/2 levels left

rFire   . . .        a - +0 trident
rCold   . . .        (no shield)
rNeg    . . .        b - +0 leather armour
rPois   .            c - +0 helmet
rElec   .            (no cloak)
rCorr   .            (no gloves)
SInv    .            (no boots)
Will    .....        (no amulet)
Stlth   +            (no ring)
HPRegen 0.24/turn    (no ring)
MPRegen 0.08/turn

%: no passive effects
@: no status effects
A: large bone plates 1
a: no special abilities


You were on level 2 of the Dungeon.
You visited 1 branch of the dungeon, and saw 3 of its levels.

You collected 79 gold pieces.

Inventory:

Hand Weapons
 a - a +0 trident (weapon)
Missiles
 d - 3 throwing nets (quivered)
 e - a javelin
Armour
 b - a +0 leather armour (worn)
 c - a +0 helmet (worn)
Scrolls
 k - a scroll of revelation
Potions
 f - a potion of curing {unknown}
 h - a potion of degeneration {unknown}


   Skills:
 + Level 2.7 Fighting
 + Level 3.2 Polearms
 - Level 1.7 Throwing
 + Level 1.3 Armour
 + Level 3.2 Dodging


You had 2 spell levels left.
You didn't know any spells.
Your spell library contained the following spells:

 Spells                   Type           Power      Damage    Failure   Level
 Lesser Beckoning         Tloc           0%         N/A       58%         2
 Gell's Gravitas          Tloc           0%         N/A       83%         3
 Teleport Other           Tloc           0%         N/A       83%         3


Dungeon Overview and Level Annotations

Branches:
Dungeon (3/15)

Altars:

Annotations:
D:3 Robin


Innate Abilities, Weirdness & Mutations

You are partially covered in large bone plates. (SH +4)


Message History

Things that are here:
a +0 dagger; a goblin corpse
Things that are here:
a +0 club; a goblin corpse
There is a stone staircase leading down, spattered with blood here.
You start resting.
HP restored.
You climb downwards.
Level annotation: Robin The hobgoblin hits you but does no damage.
The hobgoblin hits you. You block the hobgoblin's attack.
The goblin hits you with a +0 dagger. x2
There is a stone staircase leading up here.
The hobgoblin hits you. The hobgoblin misses you.
The goblin unwields a +0 dagger.
The goblin wields a +0 sling.
The goblin shoots a sling bullet.
The sling bullet misses you.
The sling bullet hits the hobgoblin.
You climb upwards.
There is a stone staircase leading down, spattered with blood here.
Unknown command.
Unknown command.
You barely miss the hobgoblin. The hobgoblin hits you.
The goblin barely misses you. You block the hobgoblin's attack.
The goblin hits you with a +0 dagger. The hobgoblin hits you.
You barely miss the hobgoblin. The hobgoblin closely misses you.
The goblin barely misses you. The hobgoblin barely misses you.
The goblin hits you with a +0 dagger. The hobgoblin hits you.
You closely miss the hobgoblin. The hobgoblin hits you.
The goblin hits you with a +0 dagger.
The hobgoblin hits you but does no damage.
The goblin barely misses you. The hobgoblin hits you.
* * * LOW HITPOINT WARNING * * *
The hobgoblin hits you.
* * * LOW HITPOINT WARNING * * *
You block the goblin's attack. The hobgoblin hits you.
* * * LOW HITPOINT WARNING * * *
The goblin hits you with a +0 dagger.
* * * LOW HITPOINT WARNING * * *
The hobgoblin hits you.
You die...

#.......§§§§~≈P≈
#..K####§§§§~≈≈P
#.#...###..§~~≈≈
#<###..###...≈~≈
###.####..##...~.~
#.....(.#.)...÷.~~
#.......#####.#...
#gg.....#####.##..
#@g...............
#gg.....#####.....
#.......# ##....
#.......# ####..#.
#.......# #.......
#..###### #.##....
#..# #####.###.#.
#..# #.........##
#..# #...÷.....#


You could see 3 hobgoblins and 2 goblins.

Vanquished Creatures
  An adder (D:2)
  A dart slug (D:1)
  3 ball pythons
  7 endoplasms
  A giant cockroach (D:2)
  8 goblins
  4 hobgoblins
  7 jackals (D:1)
  A kobold (D:1)
  2 quokkas
  5 bats
  2 frilled lizards (D:1)
  3 rats
45 creatures vanquished.

Notes
Turn   | Place    | Note
-------+----------+-------------------------------------------
     0 | D:1      | Demosthentine the Demonspawn Gladiator began the quest for
                  | the Orb.
     0 | D:1      | Reached XP level 1. HP: 16/16 MP: 1/1
   298 | D:1      | Gained mutation: You are partially covered in large bone
                  | plates. (SH +4) [demonic ancestry]
   298 | D:1      | Reached XP level 2. HP: 22/22 MP: 2/2
   598 | D:1      | Reached skill level 1 in Armour
   656 | D:1      | Reached XP level 3. HP: 28/28 MP: 3/3
  1583 | D:3      | Noticed Robin
  1712 | D:2      | Slain by a hobgoblin

Illustrated notes

Levels and vault maps discovered:
D:1:      dpeg_arrival_water_temple_mockup, layout_loops_corners,
          wander_ebering_terrifying_dragon_lair
D:2:      layout_rooms, chequers_big_river
D:3:      layout_rooms, doesnt_xom_only_xom, serial_shops, shop,
          nicolae_shop_tiny_glass, uniq_robin

Skill      XL: |  1  2 |
---------------+-------+-----
Polearms       | 3 |  3.2
Dodging        | 3 |  3.2
Armour         | 1 |  1.3
Fighting       | |  2.7
Throwing       | |  1.7

Action                     || total
---------------------------++-------
  Melee: Trident           ||   131
         Punch             ||     1
    Use: Scroll            ||     5
   Stab: Sleeping          ||     4
 Armour: Leather armour    ||    31
  Dodge: Dodged            ||    82
  Block: Other             ||    33

Table legend: (Time is in decaauts)
 A = Elapsed time spent in this place.
 B = Non-inter-level travel time spent in this place.
 C = Inter-level travel time spent in this place.
 D = Time resting spent in this place.
 E = Time spent auto-exploring this place.
 F = Levels seen in this place.
 G = Mean time per level.
                   A        B        C        D        E       F      G
               +--------+--------+--------+--------+--------+-----+--------+
         Total |   1741 |   1714 |     27 |     92 |   1364 |   3 |  580.3 |
       Dungeon |   1741 |   1714 |     27 |     92 |   1364 |   3 |  580.3 |
               +--------+--------+--------+--------+--------+-----+--------+

Top non-repeatable levels by time:
     D:1: 996 daAuts
     D:2: 740 daAuts
     D:3: 5 daAuts
